 Dungeon Crawl Stone Soup version 0.27-a0-1245-g940ed4fa31 (webtiles) character file.

Game seed: 12758499143279584622

575 Azzok the Digger (level 7, -1/41 HPs)
             Began as an Octopode Earth Elementalist on June 9, 2021.
             Succumbed to a scorpion's poison
             ... on level 5 of the Dungeon.
             The game lasted 00:05:27 (6235 turns).

Azzok the Digger (Octopode Earth Elementalist)      Turns: 6235, Time: 00:05:27

Health: -1/41      AC:  1    Str:  7    XL:     7   Next: 35%
Magic:  10/13      EV: 28    Int: 20    God:
Gold:   293        SH:  4    Dex: 12    Spells: 10/14 levels left

rFire    . . .     SeeInvis .   h - +1 short sword (elec)
rCold    . . .     Faith    .   f - +0 buckler
rNeg     . . .     Spirit   .   (helmet restricted)
rPois    .         Reflect  .   c - amulet of the acrobat
rElec    .         Harm     .   (no ring)
rCorr    .         Rampage  .   (no ring)
Will     .....                  (no ring)
Stlth    +++.......             (no ring)
HPRegen  0.13/turn              (no ring)
MPRegen  0.13/turn              (no ring)
                                (no ring)
                                (no ring)

@: lethally poisoned (-1 -> -8), acrobatic
A: almost no armour, amphibious, 8 rings, camouflage 1, gelatinous body 1,
(nimble swimmer 1), tentacles
a: no special abilities


You were on level 5 of the Dungeon.
You visited 1 branch of the dungeon, and saw 5 of its levels.

You collected 293 gold pieces.

Inventory:

Hand Weapons
 h - a +1 short sword of electrocution (weapon)
Missiles
 b - 89 stones
Armour
 f - a +0 buckler (worn)
Jewellery
 c - an amulet of the acrobat (around mantle)
Scrolls
 a - 2 scrolls of enchant weapon {unknown}
 d - a scroll of blinking {unknown}
 g - a scroll of fog {unknown}
 i - a scroll of teleportation {unknown}
 l - 2 scrolls of identify {unknown}
 n - 2 scrolls of enchant armour {unknown}
Potions
 e - 3 potions of curing {unknown}
 j - a potion of heal wounds {unknown}
 k - a potion of flight {unknown}
 m - a potion of haste {unknown}
 o - a potion of might {unknown}


   Skills:
 - Level 2.0 Dodging
 - Level 2.6 Stealth
 + Level 3.3 Shields
 + Level 4.3 Spellcasting
 + Level 2.4 Conjurations
 - Level 1.0 Transmutations
 + Level 5.2 Earth Magic


You had 10 spell levels left.
You knew the following spells:

 Your Spells              Type           Power      Damage    Failure   Level
a - Sandblast             Erth           50%        2d12      1%          1
b - Stone Arrow           Conj/Erth      38%        3d9       9%          3

Your spell library contained the following spells:

 Spells                   Type           Power      Damage    Failure   Level
 Passwall                 Tmut/Erth      13%        N/A       5%          2
 Corona                   Hex            4%         N/A       13%         1
 Ensorcelled Hibernation  Hex/Ice        8%         N/A       21%         2
 Dazzling Flash           Conj/Hex       18%        N/A       24%         3
 Confusing Touch          Hex            4%         N/A       36%         3
 Tukima's Dance           Hex            4%         N/A       36%         3
 Petrify                  Tmut/Erth      16%        N/A       36%         4
 Lee's Rapid Deconstruct  Erth           12%        3d10*     41%         5
 Bolt of Magma            Conj/Fire/Erth 7%         4d6       78%         5
 Iskenderun's Battlesphe  Conj           14%        2d7       80%         5
 Iron Shot                Conj/Erth      9%         9d3       99%         6
 Orb of Destruction       Conj           7%         9d3       100%        7
 Spellforged Servitor     Conj/Summ      4%         N/A       100%        7


Dungeon Overview and Level Annotations

Branches:
Dungeon (5/15)
 Temple: D:4-7

Altars:
Sif Muna
Uskayaw

Shops:
D:2 *

Annotations:
D:4 2 transporters


Innate Abilities, Weirdness & Mutations

You cannot wear most types of armour.
You are amphibious.
You can wear up to eight rings at the same time.
Your skin changes colour to match your surroundings (Stealth+).
Your rubbery body absorbs attacks. (AC +1, EV +1)
((You are camouflaged near water. (Stealth+)))
You have tentacles for arms and can constrict up to eight enemies at once.


Message History

The scorpion stings you.
You are lethally poisoned!
The scorpion poisons you!
Casting: Sandblast (safe; 1% risk of failure)
Confirm with . or Enter, or press ? or * to list all spells.
Aiming: Sandblast (safe; 1% risk of failure)
Press: ? - help, Shift-Dir - straight line, f - scorpion
Aim: a scorpion (constricted by you, 100% to hit)
The blast of sand hits the scorpion!
The scorpion is severely wounded.
You constrict the scorpion.
You feel very sick. The scorpion misses you.
Casting: Sandblast (safe; 1% risk of failure)
Confirm with . or Enter, or press ? or * to list all spells.
Aiming: Sandblast (safe; 1% risk of failure)
Press: ? - help, Shift-Dir - straight line, f/p - scorpion
Aim: a scorpion (severely wounded, constricted by you, 100% to hit)
The blast of sand hits the scorpion.
The scorpion is almost dead.
You constrict the scorpion.
* * * LOW HITPOINT WARNING * * *
You feel very sick. The scorpion stings you.
* * * LOW HITPOINT WARNING * * *
You block the scorpion's attack.
Casting: Sandblast (safe; 1% risk of failure)
Confirm with . or Enter, or press ? or * to list all spells.
Aiming: Sandblast (safe; 1% risk of failure)
Press: ? - help, Shift-Dir - straight line, f/p - scorpion
Aim: a scorpion (almost dead, constricted by you, 100% to hit)
The blast of sand hits the scorpion!
You kill the scorpion!
* * * LOW HITPOINT WARNING * * *
You feel very sick.
* * * LOW HITPOINT WARNING * * *
You feel sick.
* * * LOW HITPOINT WARNING * * *
You feel sick.
You die...

▒·▒▒··▒···▒ ▒
▒▒▒········▒▒
▒▒▒··········▒
···········▒▒▒
▒▒·········▒▒▒
▒▒▒···········
▒········▒▒▒
▒▒▒▒▒··▒▒▒▒▒···▒
▒·····@····▒▒▒··
▒··········▒ ▒▒▒
▒··········▒▒▒▒
▒··············
▒····>·†···▒▒▒▒
▒▒···········▒
▒▒···$········
▒··Z·····▒···
▒▒▒▒▒▒▒▒▒▒▒··


You could see a bullfrog zombie (dormant).

Vanquished Creatures
  A sky beast (D:5)
  2 ogres
  A scorpion (D:5)
  A bullfrog zombie (D:5)
  An orc priest (D:4)
  6 gnolls
  6 adders (D:2)
  A worm (D:2)
  4 dart slugs
  4 orcs
  5 ball pythons
  3 endoplasms
  2 giant cockroaches (D:3)
  6 goblins
  3 hobgoblins (D:3)
  10 jackals (D:2)
  13 kobolds
  A quokka (D:1)
  6 bats
  9 frilled lizards
  3 rats
88 creatures vanquished.

Notes
Turn   | Place    | Note
-------+----------+-------------------------------------------
     0 | D:1      | Azzok the Octopode Earth Elementalist began the quest for
                  | the Orb.
     0 | D:1      | Reached XP level 1. HP: 11/11 MP: 3/3
   746 | D:1      | Reached XP level 2. HP: 9/17 MP: 5/5
  2353 | D:2      | Reached XP level 3. HP: 16/21 MP: 6/6
  2683 | D:2      | Found a faded altar of an unknown god.
  2832 | D:2      | Reached XP level 4. HP: 10/27 MP: 4/8
  3047 | D:2      | Reached skill level 1 in Shields
  3047 | D:2      | Reached skill level 4 in Earth Magic
  3557 | D:2      | Reached XP level 5. HP: 31/31 MP: 7/10
  3559 | D:2      | Found Pucen's General Store.
  4268 | D:3      | Learned a level 3 spell: Stone Arrow
  4584 | D:3      | Found a hide-covered altar of Uskayaw.
  5043 | D:4      | Found a transporter.
  5043 | D:4      | Found a transporter.
  5092 | D:4      | Found a shimmering blue altar of Sif Muna.
  5095 | D:4      | Noticed a two-headed ogre
  5353 | D:4      | Reached XP level 6. HP: 36/36 MP: 8/11
  5384 | D:4      | Reached skill level 1 in Conjurations
  5749 | D:5      | Entered Level 5 of the Dungeon
  5854 | D:5      | Noticed a sky beast
  5872 | D:5      | Reached skill level 5 in Earth Magic
  5872 | D:5      | Reached XP level 7. HP: 24/41 MP: 6/13
  6233 | D:5      | HP: 2/41 [poisoned by a scorpion]
  6235 | D:5      | Succumbed to a scorpion's poison

Illustrated notes

Levels and vault maps discovered:
D:1:      erik_arrival_cave_to_civilisation [erik_arrival_cave_to_temple],
          layout_basic, serial_co_window_serial, co_window_paths_b,
          co_window_paths_a, co_window_corner_a, co_window_paths_b,
          co_window_corner_a, co_window_unsneaky_path_b, co_window_corner_b,
          co_window_of_opportunity_b, co_window_broadway_b, co_window_corner_b,
          co_window_of_opportunity_b, co_window_4corner_a, glass_columns_b,
          glass_columns_c, glass_columns_c, glass_columns_b
D:2:      layout_loops_ring, serial_shops, shop,
          ebering_ecumenical_altar_abandoned
D:3:      layout_loops_ring, lemuel_doored_altar,
          wander_ebering_terrifying_dragon_lair
D:4:      layout_loops_cross, gammafunk_temple_overflow_arena
D:5:      layout_rooms, gammafunk_temple_overflow_wave, minmay_puff

Skill      XL: |  1  2  3  4  5  6 |
---------------+-------------------+-----
Spellcasting   | 3 4 |  4.3
Shields        | 1 2 3 |  3.3
Earth Magic    | 4 5 |  5.2
Conjurations   | 2 |  2.4
Dodging        | |  2.0
Stealth        | |  2.6
Transmutations | |  1.0

Action                   |  1- 3 |  4- 6 |  7- 9 || total
-------------------------+-------+-------+-------++-------
Melee: Unarmed           |    32 |       |       ||    32
       Constrict         |    24 |    15 |     1 ||    40
       Tentacles         |    17 |    10 |     1 ||    28
       Dagger            |    65 |     9 |       ||    74
       Short sword       |       |    54 |     3 ||    57
 Cast: Sandblast         |    13 |    38 |    11 ||    62
 Stab: Sleeping          |     7 |    11 |       ||    18
       Distracted        |       |     1 |       ||     1
Armor: Skin              |     2 |     7 |       ||     9
Dodge: Dodged            |    72 |    37 |     4 ||   113
Block: Buckler           |       |     5 |     3 ||     8

Table legend: (Time is in decaauts)
 A = Elapsed time spent in this place.
 B = Non-inter-level travel time spent in this place.
 C = Inter-level travel time spent in this place.
 D = Time resting spent in this place.
 E = Time spent auto-exploring this place.
 F = Levels seen in this place.
 G = Mean time per level.
                   A        B        C        D        E       F      G
               +--------+--------+--------+--------+--------+-----+--------+
         Total |   6240 |   6091 |    149 |    612 |   4793 |   5 | 1248.0 |
       Dungeon |   6240 |   6091 |    149 |    612 |   4793 |   5 | 1248.0 |
               +--------+--------+--------+--------+--------+-----+--------+

Top non-repeatable levels by time:
     D:1: 2279 daAuts
     D:2: 1575 daAuts
     D:3: 1021 daAuts
     D:4: 877 daAuts
     D:5: 486 daAuts
